 Dungeon Crawl Stone Soup version 0.31-a0-358-gac0dbeb3ab (webtiles) character file.

Game seed: 2198409492299074480

125 cforsyth the Charlatan (level 5, -1/40 HPs)
             Began as a Gnoll Artificer on July 25, 2023.
             Slain by an orc wizard
             ... wielding a +0 dagger
              (3 damage)
             ... on level 3 of the Dungeon on July 26, 2023.
             The game lasted 00:04:36 (2477 turns).

cforsyth the Charlatan (Gnoll Artificer)            Turns: 2477, Time: 00:04:37

Health: -1/40      AC:  0    Str: 11    XL:     5   Next: 9%
Magic:  7/7        EV: 12    Int: 13    God:
Gold:   125        SH:  0    Dex: 12    Spells: 6/6 levels left

rFire   . . .        l - +4 spear "Ijaq" {flame, rN+ SInv}
rCold   . . .        (no shield)
rNeg    + . .        (no body armour)
rPois   .            (no helmet)
rElec   .            (no cloak)
rCorr   .            (no gloves)
SInv    +            (no boots)
Will    .....        (no amulet)
Stlth   +            (no ring)
HPRegen 0.26/turn    (no ring)
MPRegen 0.10/turn

%: no passive effects
@: confused
A: fangs 1, strong nose, distributed training
a: no special abilities


You were on level 3 of the Dungeon.
You visited 1 branch of the dungeon, and saw 4 of its levels.

You collected 125 gold pieces.

Inventory:

Hand Weapons
 a - a +0 club
 l - the +4 spear "Ijaq" (weapon) {flame, rN+ SInv}
   (You found it on level 2 of the Dungeon)

   rN:        It protects you from negative energy.
   SInv:      It lets you see invisible.
Missiles
 j - 2 throwing nets
 k - 12 poisoned darts
Armour
 b - a +0 leather armour
 o - a +0 chain mail
Jewellery
 q - an amulet of regeneration
Wands
 c - a wand of flame (13) (quivered)
 d - a wand of charming (14)
 e - a wand of iceblast (5)
Scrolls
 f - a scroll of noise {unknown}
 g - a scroll of vulnerability {unknown}
 h - a scroll of fear {unknown}
 i - a scroll of teleportation {unknown}
 m - a scroll of identify {unknown}
 n - a scroll of acquirement {unknown}


   Skills:
 + Level 2.9 Fighting
 + Level 1.4 Short Blades
 + Level 1.4 Long Blades
 + Level 1.4 Axes
 + Level 1.4 Maces & Flails
 + Level 1.4 Polearms
 + Level 1.4 Staves
 + Level 1.4 Ranged Weapons
 + Level 1.4 Throwing
 + Level 4.7 Armour
 + Level 2.9 Dodging
 + Level 2.7 Stealth
 + Level 1.4 Shields
 + Level 1.4 Unarmed Combat
 + Level 1.4 Spellcasting
 + Level 1.1 Conjurations
 + Level 1.1 Hexes
 + Level 1.1 Summonings
 + Level 1.1 Necromancy
 + Level 1.1 Translocations
 + Level 1.1 Transmutations
 + Level 1.1 Fire Magic
 + Level 1.1 Ice Magic
 + Level 1.1 Air Magic
 + Level 1.1 Earth Magic
 + Level 1.1 Poison Magic
 + Level 1.5 Invocations
 + Level 6.6 Evocations
 + Level 1.1 Shapeshifting


You had 6 spell levels left.
You didn't know any spells.
Your spell library contained the following spells:

 Spells                   Type           Power      Damage    Failure   Level
 Manifold Assault         Tloc           3%         N/A       86%         4
 Dispersal                Tloc           1%         N/A       100%        6
 Disjunction              Tloc           1%         N/A       100%        8


Dungeon Overview and Level Annotations

Branches:
Dungeon (4/15)
 Temple: D:4-7

Altars:
Uskayaw


Innate Abilities, Weirdness & Mutations

You have very sharp teeth.
Your uncanny sense of smell can sniff out nearby items.
Your experience applies equally to all skills.


Message History

The orc misses you.
The orc wizard gestures at you while chanting.
You resist with some effort.
You closely miss the orc. Your bite misses the orc.
The orc is almost dead.
The orc hits you with a +0 club. The orc wizard completely misses you.
You hit the orc but do no damage.
The orc is almost dead.
The orc hits you with a +0 club.
* * * LOW HITPOINT WARNING * * *
The orc wizard misses you.
You hit the orc but do no damage.
The orc is almost dead.
The orc hits you with a +0 club.
* * * LOW HITPOINT WARNING * * *
The orc wizard points at you and mumbles some strange words.
You are confused.
You aren't carrying any potions.
You aren't carrying any potions.
You bump into the rock wall.
The orc hits you with a +0 club.
* * * LOW HITPOINT WARNING * * *
The orc wizard barely misses you.
You bump into the rock wall.
The orc closely misses you. The orc wizard casts a spell at you.
You are more confused.
You bump into the rock wall.
The orc hits you with a +0 club.
* * * LOW HITPOINT WARNING * * *
The orc wizard closely misses you.
Unknown command.
You aren't carrying any potions.
Unknown command.
You are too confused!
Non-targeted confused throw: 13 darts (poison)
Press: ? - help, Dir - look around, f - activate Look: an orc, wielding a +0 club, wearing a +0 chain mail and quivering boomerangs (almost dead)
You throw a poisoned dart. The orc hits you with a +0 club.
* * * LOW HITPOINT WARNING * * *
The orc wizard hits you with a +0 dagger.
You die...

#####.......###.#
#.# ............#
#.# #.#
#####.......# #.#
#.# # ##.....##
#.# #.# # ##...##
#.# #.# ## #.###
#.# #.# #
.######.# #.#
######.# #
........# #o####
#...##.###
######### #.@o.#
#.........
........# ####.#
#...######
#######.# #.#
##.## # #)# #.#
#.### # #.# #.#
#...# #.# #.#
###.# #.# #.# #.#
####.# #.# #<#
### #....# #.#
#.# #..


You could see an orc wizard (invisible) and an orc.

Vanquished Creatures
  A hound (D:3)
  A gnoll (D:1)
  3 adders
  7 ball pythons
  8 endoplasms
  5 giant cockroaches
  4 goblins
  2 hobgoblins (D:1)
  4 quokkas
  5 bats
  5 frilled lizards
  7 kobolds
  4 rats
56 creatures vanquished.

Vanquished Creatures (collateral kills)
  A giant cockroach (D:1)
  A ball python (D:1)
  A kobold (D:1)
  A rat (D:1)
4 creatures vanquished.

Grand Total: 60 creatures vanquished

Notes
Turn   | Place    | Note
-------+----------+-------------------------------------------
     0 | D:1      | cforsyth the Gnoll Artificer began the quest for the Orb.
     0 | D:1      | Reached XP level 1. HP: 17/17 MP: 1/1
   160 | D:1      | Reached XP level 2. HP: 17/23 MP: 2/2
   469 | D:1      | Reached XP level 3. HP: 28/28 MP: 3/3
   717 | D:1      | Reached skill level 1 in Invocations
   763 | D:1      | Found a faded altar of an unknown god.
  1205 | D:2      | Found a hide-covered altar of Uskayaw.
  1355 | D:2      | Identified the +4 spear "Ijaq" {flame, rN+ SInv}
  1397 | D:2      | Reached skill level 1 in Short Blades
  1397 | D:2      | Reached skill level 1 in Long Blades
  1397 | D:2      | Reached skill level 1 in Axes
  1397 | D:2      | Reached skill level 1 in Maces & Flails
  1397 | D:2      | Reached skill level 1 in Polearms
  1397 | D:2      | Reached skill level 1 in Staves
  1397 | D:2      | Reached skill level 1 in Ranged Weapons
  1397 | D:2      | Reached skill level 1 in Throwing
  1397 | D:2      | Reached skill level 1 in Shields
  1397 | D:2      | Reached skill level 1 in Unarmed Combat
  1397 | D:2      | Reached skill level 1 in Spellcasting
  1645 | D:3      | Reached XP level 4. HP: 34/34 MP: 5/5
  1767 | D:3      | Reached skill level 1 in Conjurations
  1767 | D:3      | Reached skill level 1 in Hexes
  1767 | D:3      | Reached skill level 1 in Summonings
  1767 | D:3      | Reached skill level 1 in Necromancy
  1767 | D:3      | Reached skill level 1 in Translocations
  1767 | D:3      | Reached skill level 1 in Transmutations
  1767 | D:3      | Reached skill level 1 in Fire Magic
  1767 | D:3      | Reached skill level 1 in Ice Magic
  1767 | D:3      | Reached skill level 1 in Air Magic
  1767 | D:3      | Reached skill level 1 in Earth Magic
  1767 | D:3      | Reached skill level 1 in Poison Magic
  1767 | D:3      | Reached skill level 1 in Shapeshifting
  2420 | D:4      | Reached XP level 5. HP: 37/40 MP: 5/7
  2467 | D:3      | HP: 2/40 [orc wizard/+0 dagger (4)]
  2477 | D:3      | HP: 2/40 [orc/+0 club (1)]
  2477 | D:3      | Slain by an orc wizard

Illustrated notes

Levels and vault maps discovered:
D:1:      dpeg_arrival_round_c, layout_loops_ring,
          ebering_ecumenical_altar_rust, nicolae_grassy_gnolls
D:2:      layout_basic, basic_altar
D:3:      layout_loops_ring
D:4:      layout_basic

Skill      XL: |  1  2  3  4 |
---------------+-------------+-----
Invocations    | 1 |  1.5
Short Blades   | 1 |  1.4
Long Blades    | 1 |  1.4
Axes           | 1 |  1.4
Maces & Flails | 1 |  1.4
Polearms       | 1 |  1.4
Staves         | 1 |  1.4
Ranged Weapons | 1 |  1.4
Throwing       | 1 |  1.4
Shields        | 1 |  1.4
Unarmed Combat | 1 |  1.4
Spellcasting   | 1 |  1.4
Conjurations   | 1 |  1.1
Hexes          | 1 |  1.1
Summonings     | 1 |  1.1
Necromancy     | 1 |  1.1
Translocations | 1 |  1.1
Transmutations | 1 |  1.1
Fire Magic     | 1 |  1.1
Ice Magic      | 1 |  1.1
Air Magic      | 1 |  1.1
Earth Magic    | 1 |  1.1
Poison Magic   | 1 |  1.1
Shapeshifting  | 1 |  1.1
Fighting       | |  2.9
Armour         | |  4.7
Dodging        | |  2.9
Stealth        | |  2.7
Evocations     | |  6.6

Action                     |  1- 3 |  4- 6 || total
---------------------------+-------+-------++-------
  Melee: Club              |   139 |       ||   139
         Bite              |     8 |     1 ||     9
         Spear             |     8 |    58 ||    66
         Punch             |     1 |       ||     1
  Throw: Dart              |       |     1 ||     1
  Evoke: Wand              |     3 |       ||     3
    Use: Potion            |       |     1 ||     1
   Stab: Sleeping          |     6 |     4 ||    10
         Distracted        |     1 |       ||     1
 Armour: Leather armour    |    55 |     6 ||    61
  Dodge: Dodged            |   166 |    30 ||   196

Table legend: (Time is in decaauts)
 A = Elapsed time spent in this place.
 B = Non-inter-level travel time spent in this place.
 C = Inter-level travel time spent in this place.
 D = Time resting spent in this place.
 E = Time spent auto-exploring this place.
 F = Levels seen in this place.
 G = Mean time per level.
                   A        B        C        D        E       F      G
               +--------+--------+--------+--------+--------+-----+--------+
         Total |   2516 |   2419 |     97 |      0 |   1903 |   4 |  629.0 |
       Dungeon |   2516 |   2419 |     97 |      0 |   1903 |   4 |  629.0 |
               +--------+--------+--------+--------+--------+-----+--------+

Top non-repeatable levels by time:
     D:1: 979 daAuts
     D:3: 780 daAuts
     D:2: 624 daAuts
     D:4: 132 daAuts
